 Dungeon Sprint DCSS version 0.17-a0-1399-gd5b76e1 (webtiles) character file.

46152 Kidiri the Severer (level 14, -2/105 HPs)
             Began as a Gargoyle Fighter on June 17, 2015.
             Was the Champion of Qazlal.
             Killed by divine providence
             ... invoked by a daeva
              (12 damage)
             ... in the Dungeon (Sprint V: "Ziggurat Sprint") on June 18, 2015.
             The game lasted 00:26:22 (1772 turns).

Kidiri the Severer (Gargoyle Fighter)               Turns: 1772, Time: 00:26:22

Health: -2/105     AC: 48    Str: 40    XL:     14   Next: 36%
Magic:  12/26      EV:  4    Int:  9    God:    Qazlal [******]
Gold:   13         SH: 42    Dex:  9    Spells: 0 memorised, 13 levels left

rFire  . . .     SeeInvis +     J - +14 obsidian axe {chop, +Fly Str+3 SInv *Curse} (curse)
rCold  + + .     Clarity  .     K - +15 Maxwell's patent armour {-Cast -Tele rElec MR+ rCorr}
rNeg   + + +     SustAt   .     L - +18 shield of the gong {rElec rN+ MR+ EV-5}
rPois  ∞         Gourm    +     (helmet restricted)
rElec  +         Spirit   .     B - +2 cloak of the Hanged Man {rC+ rN++ Stlth+}
rCorr  +         Warding  .     S - +0 pair of gloves "Teukhal" {+Fly} (curse)
rMut   .         NoTele   +     (no boots)
MR     +++..     NoCast   +     o - amulet of the gourmand
Stlth  ..........               E - +6 ring of strength
                                D - +6 ring of strength

@: mesmerised, glowing, studying Necromancy, repel missiles, extremely resistant
to hostile enchantments, extremely unstealthy
A: big wings, beak, rugged brown scales 1, cold resistance 1, mutation
resistance 1, negative energy resistance 1, screaming 1, electricity resistance,
unbreathing, petrification resistance, rot immunity, AC +9
a: Fly, Upheaval, Elemental Force, Disaster Area, Renounce Religion, Evoke
Flight


You were in the Dungeon.
You worshipped Qazlal.
Qazlal was exalted by your worship.
You were completely stuffed.

You visited 1 branch You collected 13 gold pieces.

Inventory:

Hand weapons
 J - the cursed +14 obsidian axe (weapon) {chop, +Fly Str+3 SInv *Curse}
   (You found it in the Dungeon)

   It inflicts extra damage upon your enemies.
   It affects your strength (+3).
   It lets you see invisible.
   It lets you fly.
   It may re-curse itself when equipped.
   It has a curse placed upon it.
Armour
 B - the +2 cloak of the Hanged Man (worn) {rC+ rN++ Stlth+}
   (You found it in the Dungeon)

   It protects you from cold.
   It greatly protects you from negative energy.
   It makes you more stealthy.
 K - the +15 Maxwell's patent armour (worn) {-Cast -Tele rElec MR+ rCorr}
   (You found it in the Dungeon)

   It insulates you from electricity.
   It affects your resistance to hostile enchantments.
   It prevents spellcasting.
   It prevents most forms of teleportation.
   It protects you from acid and corrosion.
 L - the +18 shield of the gong (worn) {rElec rN+ MR+ EV-5}
   (You found it in the Dungeon)

   It affects your evasion (-5).
   It insulates you from electricity.
   It protects you from negative energy.
   It affects your resistance to hostile enchantments.
 S - the cursed +0 pair of gloves "Teukhal" (worn) {+Fly}
   (You found it in the Dungeon)

   It lets you fly.
   It has a curse placed upon it.
Jewellery
 b - the ring "Romiapn" {+Inv rF+ Str+3}
   (You took it off Frances in the Dungeon)

   [ring of invisibility]

   It affects your strength (+3).
   It protects you from fire.
   It lets you turn invisible.
 o - an amulet of the gourmand (around neck)
 y - the ring "Betuonwu" {Ice rElec Int+2 Stlth+}
   (You took it off a red devil in the Dungeon)

   [ring of ice]

   It enhances your ice magic, and weakens your fire magic.
   It affects your intelligence (+2).
   It makes you vulnerable to fire.
   It protects you from cold.
   It insulates you from electricity.
   It makes you more stealthy.
 D - a +6 ring of strength (left hand)
 E - a +6 ring of strength (right hand)
 N - the ring of Ehoanuj {EV+3 Str+7 Int+4}
   (You took it off Norris in the Dungeon)

   [ring of evasion]

   It affects your evasion (+3).
   It affects your strength (+7).
   It affects your intelligence (+4).
 R - the ring "Xikhaibb" {MR+ Str+4}
   (You took it off Nessos in the Dungeon)

   [ring of protection from magic]

   It affects your strength (+4).
   It affects your resistance to hostile enchantments.
Magical devices
 F - a wand of disintegration (7)
 G - a wand of fire (5)
 H - a wand of cold (5)
 I - a wand of draining (5)
 Q - a wand of invisibility (3)
Scrolls
 a - 4 scrolls of enchant weapon
 k - 4 scrolls of blinking
 q - 4 scrolls of amnesia
 r - 3 scrolls of recharging
 s - 7 scrolls of fog
 t - a scroll of holy word
 u - 5 scrolls of identify
 v - 5 scrolls of remove curse
 w - 2 scrolls of fear
 A - 3 scrolls of brand weapon
Potions
 d - 6 potions of might
 f - 11 potions of curing
 g - 9 potions of heal wounds
 h - 6 potions of haste
 i - 7 potions of magic
 j - 3 potions of berserk rage
 l - 3 potions of brilliance
 m - 2 potions of invisibility
 n - 4 potions of resistance
 p - 5 potions of agility
 P - a potion of degeneration {unknown}
Books
 M - a manual of Necromancy
Comestibles
 c - 3 royal jellies
 e - 4 bread rations
 x - 42 fruits
 z - 4 meat rations


   Skills:
 + Level 17.1 Fighting
 * Level 19.8 Axes
 + Level 17.2 Armour
 + Level 17.2 Shields
 + Level 16.8 Invocations


You had 13 spell levels left.
You didn't know any spells.

Dungeon Overview and Level Annotations

Branches:
Dungeon (1/1)

Altars:
Ashenzari
Cheibriados
Dithmenos
Elyvilon
Fedhas
Gozag
Kikubaaqudgha
Makhleb
Nemelex Xobeh
Okawaru
Qazlal
Ru
Sif Muna
Trog
Vehumet
Xom
Yredelemnul
Zin
The Shining One
Beogh
Jiyva
Lugonu


Innate Abilities, Weirdness & Mutations

You are resistant to torment.
Your stone body is resilient (AC +9).
You are immune to poison.
Your large and strong wings let you fly indefinitely.
You resist negative energy.
You are resistant to electric shocks.
You can survive without breathing.
You are immune to petrification.
You are immune to rotting.
You have a beak for a mouth.
You are partially covered in rugged brown scales (AC +1, +3% HP).
Your flesh is cold resistant.
You are somewhat resistant to further mutation.
You occasionally shout uncontrollably at your foes.


Message History

Your Fighting skill increases to level 17!
The blast of ice hits the daeva.
The daeva is almost dead.
The daeva is flash-frozen.
The blast of ice hits the daeva.
You kill the daeva!
Qazlal accepts your kill.
Visions of slaying the pearl dragon flood into your mind.
The pearl dragon breathes holy energy at you.
The blast of cleansing flame engulfs you!
You resist. You block the angel's attack.
GONNNNG!
You block the angel's attack.
GONNNNG!
You block the pearl dragon's attack.
GONNNNG!
The pearl dragon claws you but does no damage.
The ophan is engulfed in roaring flames.
The daeva calls down the wrath of the Shining One upon you.
Something smites you!
You die...

▓.........
▓..)=:})}.|!..▓.........
▓.§....§.≈≈...▓.........
▓.§....§.≈≈...▓..▓.....▓
▓...≈≈§§≈.§≈§.▓.........
▓..≈≈≈§§)≈≈≈..▓.........
▓...§§§A§§§≈≈.▓▓▓▓▓▓▓▓▓▓
▓....ADDG§≈≈..▓...8©8...
▓..▓.§§@A§.▓..▓..)..)§).
▓.≈..§§§§§.§§§▓..)::§§..
▓.....§§§§§§§§▓.....)...
▓≈.......§.§..▓.....)...
▓▓▓▓▓▓▓▓▓▓▓▓▓▓▓...))(...
▓...)((... ▓..▓..)▓..
▓.▓..(..▓. ▓.........


You could see a daeva (roused), 2 pearl dragons, an angel (roused), an ophan
(roused) and a cherub (roused).

Vanquished Creatures
  Norris (D)
  Rupert (D)
  2 deep elf blademasters (D)
  An acid blob (D)
  Frances (D)
  Kirke (D)
  An azure jelly (D)
  A daeva (D)
  Wiglaf (D)
  Maud (D)
  A frost giant (D)
  Aizul (D)
  2 balrugs (D)
  2 very ugly things (D)
  A deep elf demonologist (D)
  Nessos (D)
  A deep elf annihilator (D)
  A great orb of eyes (shapeshifter) (D)
  A deep elf high priest (D)
  A great orb of eyes (D)
  An ice dragon (D)
  A ghost crab (shapeshifter) (D)
  Erica (D)
  A fire crab (shapeshifter) (D)
  2 ice devils (D)
  A hell knight (D)
  2 deep elf knights (D)
  A swamp dragon (shapeshifter) (D)
  A cherub (D)
  A spriggan druid (D)
  A lindwurm (shapeshifter) (D)
  A hill giant (shapeshifter) (D)
  A harpy (shapeshifter) (D)
  A water nymph (shapeshifter) (D)
  A shining eye (shapeshifter) (D)
  5 toenail golems (D)
  Maurice (D)
  A black mamba (D)
  2 eyes of devastation (D)
  2 hellions (D)
  2 red devils (D)
  4 freezing wraiths (D)
  A wind drake (shapeshifter) (D)
  3 slime creatures (D)
  2 spriggans (D)
  A shadow (D)
  A golden eye (shapeshifter) (D)
  A neqoxec (D)
  4 golden eyes (D)
  A hippogriff (D)
  Menkaure (D)
  A deep elf fighter (D)
  3 wolves (D)
  An ice beast (D)
  A hell hound (D)
  Purgy (D)
  A centaur (D)
  2 black bears (D)
  A necrophage (D)
  A wasp (D)
  Blork the orc (D)
  An earth elemental (D)
  Dowan (D)
  3 wights (D)
  2 quasits (D)
  2 crimson imps (D)
  An orc priest (D)
  An orc wizard (D)
  Ijyb (D)
  7 jellies (D)
  3 sheep (D)
  3 white imps (D)
  A giant eyeball (D)
  3 oozes (D)
  An adder skeleton (D)
  2 adder zombies (D)
  2 adder simulacra (D)
  2 orcs (D)
  5 ball pythons (D)
  A bat skeleton (D)
  2 bat zombies (D)
  2 giant cockroach simulacra (D)
  A giant cockroach zombie (D)
  A giant gecko skeleton (D)
  A quokka zombie (D)
134 creatures vanquished.

Vanquished Creatures (collateral kills)
  A deep elf sorcerer (D)
  A deep elf high priest (D)
  A great orb of eyes (D)
  A shining eye (D)
  A merfolk (D)
  A slime creature (D)
  A centaur (D)
  A giant eyeball (D)
8 creatures vanquished.

Vanquished Creatures (others)
  A deep elf knight (D)
  2 bat skeletons (D)
  A giant cockroach zombie (D)
4 creatures vanquished.

Grand Total: 146 creatures vanquished

Notes
Turn   | Place    | Note
--------------------------------------------------------------
     0 | D        | Kidiri the Gargoyle Fighter began the quest for the Orb.
     0 | D        | Reached XP level 1. HP: 14/14 MP: 1/1
     0 | D        | Found a roughly hewn altar of Beogh.
     0 | D        | Found a viscous altar of Jiyva.
     0 | D        | Found a corrupted altar of Lugonu.
     0 | D        | Found a white marble altar of Elyvilon.
     0 | D        | Found a sparkling altar of Nemelex Xobeh.
     1 | D        | Found a burning altar of Makhleb.
     1 | D        | Found an iron altar of Okawaru.
     1 | D        | Found a deep blue altar of Sif Muna.
     1 | D        | Found a radiant altar of Vehumet.
     1 | D        | Found a bloodstained altar of Trog.
     1 | D        | Found a shimmering altar of Xom.
    66 | D        | Became a worshipper of Qazlal Stormbringer
    81 | D        | Entered arena 1.
    81 | D        | Noticed a hell hound
    82 | D        | Reached skill level 4 in Fighting
    82 | D        | Reached XP level 2. HP: 17/20 MP: 2/4
    85 | D        | Killed a hell hound
    85 | D        | Reached skill level 5 in Fighting
    85 | D        | Reached skill level 5 in Axes
    85 | D        | Reached skill level 5 in Armour
    85 | D        | Reached skill level 5 in Shields
    85 | D        | Reached XP level 3. HP: 21/26 MP: 2/6
    85 | D        | Reached XP level 4. HP: 25/31 MP: 2/7
   144 | D        | Entered arena 2.
   144 | D        | Noticed a slime creature
   144 | D        | Noticed a golden eye
   144 | D        | Noticed a golden eye
   146 | D        | Killed a golden eye
   146 | D        | Reached skill level 6 in Fighting
   146 | D        | Reached skill level 7 in Axes
   146 | D        | Reached skill level 5 in Invocations
   146 | D        | Reached XP level 5. HP: 35/37 MP: 7/9
   146 | D        | Reached XP level 6. HP: 39/42 MP: 7/10
   147 | D        | Killed a golden eye
   147 | D        | Acquired Qazlal's first power
   148 | D        | Killed a slime creature
   148 | D        | Reached skill level 8 in Axes
   148 | D        | Reached XP level 7. HP: 42/48 MP: 7/11
   178 | D        | Entered arena 3.
   178 | D        | Noticed a golden eye
   178 | D        | Noticed a jelly
   180 | D        | Killed a jelly
   180 | D        | Paralysed by a giant eyeball for 4 turns
   185 | D        | Acquired Qazlal's second power
   186 | D        | Killed a golden eye
   186 | D        | Reached skill level 9 in Axes
   205 | D        | Entered arena 4.
   205 | D        | Noticed an orc wizard
   205 | D        | Noticed an orc priest
   209 | D        | Killed an orc priest
   209 | D        | Acquired Qazlal's third power
   212 | D        | Killed an orc wizard
   245 | D        | Entered arena 5.
   245 | D        | Noticed a crimson imp
   245 | D        | Noticed a quasit
   245 | D        | Noticed a crimson imp
   245 | D        | Noticed a quasit
   248 | D        | Killed a quasit
   248 | D        | Killed a quasit
   248 | D        | Acquired Qazlal's fourth power
   250 | D        | Killed a crimson imp
   254 | D        | Killed a crimson imp
   254 | D        | Reached XP level 8. HP: 53/55 MP: 13/13
   295 | D        | Entered arena 6.
   295 | D        | Noticed a black mamba
   298 | D        | Acquired Qazlal's fifth power
   299 | D        | Killed a black mamba
   299 | D        | Reached skill level 10 in Axes
   319 | D        | Entered arena 7.
   319 | D        | Noticed a toenail golem
   319 | D        | Noticed an earth elemental
   319 | D        | Noticed a toenail golem
   319 | D        | Noticed a toenail golem
   319 | D        | Noticed a toenail golem
   319 | D        | Noticed a toenail golem
   326 | D        | Killed a toenail golem
   326 | D        | Killed a toenail golem
   326 | D        | Reached XP level 9. HP: 59/61 MP: 13/15
   326 | D        | Killed a toenail golem
   326 | D        | Reached skill level 11 in Axes
   329 | D        | Killed a toenail golem
   329 | D        | Reached skill level 10 in Fighting
   329 | D        | Reached skill level 10 in Armour
   329 | D        | Reached skill level 10 in Shields
   329 | D        | Killed an earth elemental
   330 | D        | Killed a toenail golem
   345 | D        | Entered arena 8.
   345 | D        | Noticed a centaur
   345 | D        | Noticed a merfolk
   345 | D        | Noticed a hippogriff
   345 | D        | Noticed a centaur
   349 | D        | Killed a hippogriff
   349 | D        | Reached skill level 12 in Axes
   351 | D        | Killed a merfolk
   351 | D        | Reached skill level 10 in Invocations
   351 | D        | Reached XP level 10. HP: 68/68 MP: 17/17
   353 | D        | Killed a centaur
   354 | D        | Killed a centaur
   417 | D        | Entered arena 9.
   417 | D        | Noticed a black bear
   417 | D        | Noticed a black bear
   417 | D        | Noticed a wolf
   417 | D        | Noticed a wolf
   417 | D        | Noticed a spriggan druid
   417 | D        | Noticed a spriggan
   417 | D        | Noticed a spriggan rider
   417 | D        | Noticed a wolf
   417 | D        | Killed a wolf
   418 | D        | Killed a wolf
   419 | D        | Killed a wolf
   421 | D        | Killed a spriggan druid
   422 | D        | Killed a black bear
   422 | D        | Killed a spriggan
   423 | D        | Killed a spriggan rider
   423 | D        | Killed a wasp
   423 | D        | Reached skill level 13 in Axes
   426 | D        | Killed a black bear
   469 | D        | Entered arena 10.
   469 | D        | Noticed a slime creature
   469 | D        | Noticed a shining eye
   469 | D        | Noticed a slime creature
   469 | D        | Noticed an eye of devastation
   469 | D        | Noticed a jelly
   469 | D        | Noticed an eye of devastation
   469 | D        | Noticed a golden eye
   471 | D        | Killed a golden eye
   471 | D        | Gained mutation: You are partially covered in rugged brown scales (AC +1, +3% HP). [a shining eye]
   473 | D        | Paralysed by a giant eyeball for 3 turns
   473 | D        | Killed a jelly
   475 | D        | Killed a slime creature
   478 | D        | Killed an eye of devastation
   482 | D        | Paralysed by a giant eyeball for 3 turns
   485 | D        | Killed a shining eye
   486 | D        | Killed a slime creature
   487 | D        | Killed an eye of devastation
   487 | D        | Reached XP level 11. HP: 20/78 MP: 19/19
   739 | D        | Entered arena 11.
   739 | D        | Noticed a frost giant
   739 | D        | Noticed a freezing wraith
   739 | D        | Noticed an ice dragon
   740 | D        | Noticed a freezing wraith
   740 | D        | Noticed a freezing wraith
   740 | D        | Noticed an ice beast
   745 | D        | Killed a freezing wraith
   746 | D        | Killed a freezing wraith
   746 | D        | Killed an ice beast
   746 | D        | Killed an ice dragon
   746 | D        | Reached skill level 14 in Axes
   749 | D        | Killed a frost giant
   751 | D        | Killed a freezing wraith
   967 | D        | Entered arena 12.
   967 | D        | Noticed a deep elf knight
   967 | D        | Noticed a deep elf high priest
   967 | D        | Noticed a deep elf blademaster
   967 | D        | Noticed a deep elf knight
   967 | D        | Noticed a deep elf blademaster
   968 | D        | Noticed a deep elf fighter
   968 | D        | Noticed a deep elf annihilator
   968 | D        | Noticed a deep elf sorcerer
   968 | D        | Noticed a deep elf knight
   968 | D        | Noticed a deep elf high priest
   968 | D        | Noticed a deep elf demonologist
   969 | D        | Noticed a sun demon
   974 | D        | Killed a deep elf blademaster
   974 | D        | Killed a deep elf fighter
   975 | D        | Killed a deep elf blademaster
   975 | D        | Reached skill level 15 in Axes
   975 | D        | Killed a deep elf high priest
   975 | D        | Killed a deep elf knight
   976 | D        | Killed a deep elf annihilator
   979 | D        | Killed a sun demon
   980 | D        | Killed a deep elf knight
   980 | D        | Killed a deep elf sorcerer
   981 | D        | Killed a deep elf demonologist
   981 | D        | Killed a deep elf knight
   983 | D        | Killed a deep elf high priest
   984 | D        | Got the ring "Ziwaafi" {rF+ Int+3 Stlth-}
  1256 | D        | Entered arena 13.
  1257 | D        | Noticed a slime creature
  1257 | D        | Noticed a great orb of eyes
  1257 | D        | Noticed an azure jelly
  1257 | D        | Noticed a jelly
  1257 | D        | Noticed an acid blob
  1257 | D        | Noticed a jelly
  1257 | D        | Noticed a great orb of eyes
  1257 | D        | Noticed a jelly
  1257 | D        | Noticed a jelly
  1258 | D        | Noticed a slime creature
  1258 | D        | Noticed a jelly
  1261 | D        | Killed a great orb of eyes
  1261 | D        | Reached XP level 12. HP: 83/86 MP: 21/21
  1264 | D        | Killed a jelly
  1265 | D        | Killed an azure jelly
  1265 | D        | Killed an acid blob
  1265 | D        | Reached skill level 16 in Axes
  1265 | D        | Killed a great orb of eyes
  1265 | D        | Killed a jelly
  1267 | D        | Killed a jelly
  1268 | D        | Killed a jelly
  1270 | D        | Killed a large slime creature
  1271 | D        | Killed a jelly
  1279 | D        | Got the +2 cloak of the Hanged Man {rC+ rN++ Stlth+}
  1297 | D        | Entered arena 14.
  1298 | D        | Noticed an ice devil
  1298 | D        | Noticed a freezing wraith
  1299 | D        | Noticed an ice devil
  1299 | D        | Noticed a wight
  1299 | D        | Noticed a wight
  1306 | D        | Killed an ice devil
  1306 | D        | Killed an ice devil
  1309 | D        | Killed a freezing wraith
  1310 | D        | Killed a wight
  1310 | D        | Killed a wight
  1312 | D        | Got the ring of Uhianew {rF+ Dex+6}
  1345 | D        | Entered arena 15.
  1346 | D        | Noticed a lindwurm
  1346 | D        | Noticed a water nymph
  1346 | D        | Noticed a green very ugly thing
  1346 | D        | Noticed a cyan very ugly thing
  1346 | D        | Noticed a neqoxec
  1346 | D        | Noticed a great orb of eyes
  1346 | D        | Noticed a fire crab
  1346 | D        | Noticed a yak
  1347 | D        | Noticed a shining eye
  1347 | D        | Noticed a snapping turtle
  1347 | D        | Noticed a giant orange brain
  1347 | D        | Noticed a ghost crab
  1347 | D        | a snapping turtle changed into a ghost crab
  1347 | D        | a yak changed into a wind drake
  1348 | D        | Noticed a harpy
  1348 | D        | Noticed a golden eye
  1348 | D        | a giant orange brain changed into a hill giant
  1349 | D        | Killed a golden eye
  1349 | D        | Killed a neqoxec
  1349 | D        | Killed a harpy
  1349 | D        | Killed a shining eye
  1349 | D        | Killed a ghost crab
  1349 | D        | Reached skill level 17 in Axes
  1349 | D        | Killed a water nymph
  1349 | D        | Killed a fire crab
  1349 | D        | Killed a great orb of eyes
  1349 | D        | Reached skill level 15 in Armour
  1349 | D        | Reached XP level 13. HP: 83/93 MP: 23/23
  1351 | D        | Killed a lindwurm
  1351 | D        | Reached skill level 15 in Fighting
  1351 | D        | Reached skill level 15 in Shields
  1353 | D        | Killed a cyan very ugly thing
  1355 | D        | Killed a green very ugly thing
  1384 | D        | Gained mutation: You are somewhat resistant to further mutation. [mutagenic meat]
  1386 | D        | Gained mutation: You occasionally shout uncontrollably at your foes. [mutagenic meat]
  1396 | D        | Gained mutation: Your flesh is cold resistant. [mutagenic meat]
  1401 | D        | Gained mutation: You have a beak for a mouth. [mutagenic meat]
  1422 | D        | Entered arena 16.
  1424 | D        | Noticed a necrophage
  1424 | D        | Noticed a wight
  1424 | D        | Noticed a hellion
  1425 | D        | Noticed a red devil
  1425 | D        | Noticed a shadow
  1425 | D        | Noticed a hellion
  1425 | D        | Noticed a red devil
  1425 | D        | Noticed a balrug
  1426 | D        | Noticed a hell knight
  1426 | D        | Noticed a balrug
  1428 | D        | Killed a wight
  1429 | D        | Killed a hellion
  1430 | D        | Killed a necrophage
  1433 | D        | Killed a hellion
  1434 | D        | Killed a balrug
  1434 | D        | Reached skill level 15 in Invocations
  1435 | D        | Killed a balrug
  1435 | D        | Reached skill level 18 in Axes
  1437 | D        | Killed a shadow
  1439 | D        | Killed a hell knight
  1444 | D        | Killed a red devil
  1450 | D        | Killed a red devil
  1459 | D        | Got the ring "Betuonwu" {Ice rElec Int+2 Stlth+}
  1501 | D        | Entered arena 17.
  1502 | D        | Upgraded the game from 0.17-a0-1397-g0eee0a3 to 0.17-a0-1399-gd5b76e1
  1503 | D        | Noticed Wiglaf
  1503 | D        | Noticed Maurice
  1503 | D        | Noticed Kirke
  1503 | D        | Noticed Purgy
  1504 | D        | Noticed Norris
  1504 | D        | Noticed Ijyb
  1504 | D        | Noticed Menkaure
  1504 | D        | Noticed Maud
  1504 | D        | Noticed Dowan
  1504 | D        | Noticed Aizul
  1504 | D        | Noticed Erica
  1504 | D        | Noticed Nessos
  1505 | D        | Noticed Blork the orc
  1505 | D        | Noticed Rupert
  1505 | D        | Noticed Frances
  1507 | D        | Killed Dowan
  1507 | D        | Killed Ijyb
  1507 | D        | Killed Menkaure
  1507 | D        | Killed Maurice
  1507 | D        | Killed Aizul
  1508 | D        | Killed Nessos
  1508 | D        | Killed Purgy
  1508 | D        | Killed Blork the orc
  1508 | D        | Killed Rupert
  1508 | D        | Killed Erica
  1508 | D        | Killed Maud
  1512 | D        | Killed Norris
  1512 | D        | Reached skill level 19 in Axes
  1512 | D        | Gained mutation: Your large and strong wings let you fly indefinitely. [Gargoyle growth]
  1512 | D        | Reached XP level 14. HP: 43/103 MP: 10/26
  1512 | D        | Killed Kirke
  1513 | D        | Killed Wiglaf
  1519 | D        | Killed Frances
  1521 | D        | Got the ring "Romiapn" {+Inv rF+ Str+3}
  1576 | D        | Got the ring of Ehoanuj {EV+3 Str+7 Int+4}
  1584 | D        | Got the ring "Xikhaibb" {MR+ Str+4}
  1609 | D        | Got the cursed +0 pair of gloves "Teukhal" {+Fly}
  1762 | D        | Entered arena 18.
  1764 | D        | Noticed a pearl dragon
  1764 | D        | Noticed a pearl dragon
  1764 | D        | Noticed an ophan
  1764 | D        | Noticed a cherub
  1766 | D        | Noticed an angel
  1767 | D        | Noticed a cherub
  1767 | D        | Noticed a daeva
  1767 | D        | Noticed a daeva
  1772 | D        | Killed a cherub
  1772 | D        | Killed a daeva
  1772 | D        | Killed from afar by a daeva

Vault maps used:
D:        sprint_v

Action                   |  1- 3 |  4- 6 |  7- 9 | 10-12 | 13-15 || total
-------------------------+-------+-------+-------+-------+-------++-------
Melee: Broad axe         |     3 |     3 |    34 |    58 |    30 ||   128
Invok: Disaster Area     |       |       |       |     1 |     5 ||     6
  Use: Potion            |     1 |       |       |     1 |       ||     2
  Eat: Chunk             |       |       |     8 |     5 |    22 ||    35
       Bread ration      |       |       |     1 |       |       ||     1
